 Dungeon Crawl Stone Soup version 0.22.1-2-g9c5b331 (webtiles) character file.

630 Monzz the Chopper (level 7, -6/61 HPs)
             Began as a Hill Orc Monk on Dec 16, 2018.
             Mangled by an ogre
             ... wielding a +0 giant club
              (20 damage)
             ... on level 4 of the Dungeon.
             The game lasted 00:13:17 (5849 turns).

Monzz the Chopper (Hill Orc Monk)                   Turns: 5849, Time: 00:13:18

Health: -6/61      AC:  9    Str: 15 (16) XL:     7   Next: 48%
Magic:  7/7        EV: 11    Int:  8 (10) God:
Gold:   189        SH:  0    Dex: 10 (13) Spells: 6/6 levels left

rFire    + . .     SeeInvis .   a - +0 hand axe
rCold    . . .     Gourm    .   (no shield)
rNeg     . . .     Faith    .   e - +0 ring mail {rF+}
rPois    .         Spirit   .   (no helmet)
rElec    .         Reflect  .   o - +1 cloak
rCorr    .         Harm     .   (no gloves)
MR       .....                  j - +0 pair of boots
Stlth    +.........             (no amulet)
HPRegen  0.20/turn              (no ring)
MPRegen  0.10/turn              (no ring)

@: no status effects
A: no striking features
a: no special abilities


You were on level 4 of the Dungeon.
You were not hungry.

You visited 1 branch of the dungeon, and saw 4 of its levels.

You collected 189 gold pieces.

Inventory:

Hand Weapons
 a - a +0 hand axe (weapon)
Missiles
 i - 141 stones (quivered)
 n - 5 tomahawks
Armour
 e - a +0 ring mail of fire resistance (worn)
 j - a +0 pair of boots (worn)
 m - a +0 plate armour
 o - a +1 cloak (worn)
Jewellery
 r - an uncursed amulet of the acrobat {unknown}
Wands
 f - a wand of flame (31)
Scrolls
 d - a scroll of identify
 g - a scroll of amnesia
 k - a scroll of remove curse
 q - a scroll of enchant weapon {unknown}
 t - a scroll of fog
Potions
 b - 2 potions of curing
 l - a potion of resistance
 p - a potion of lignification {unknown}
 s - a potion of haste
Comestibles
 c - 7 rations
 h - a chunk of flesh


   Skills:
 + Level 5.3 Fighting
 + Level 7.2 Axes
 + Level 4.1 Armour
 + Level 3.3 Dodging
 + Level 2.5 Stealth
 + Level 0.4 Evocations


You had 6 spell levels left.
You didn't know any spells.
Your spell library was empty.

Dungeon Overview and Level Annotations

Branches:
Dungeon (4/15)
 Temple: D:4-7

Altars:
Makhleb
Nemelex Xobeh
Ru


Message History

You feel sick. x3
You are no longer poisoned.
c - 7 rations (gained 1)
You see here a howler monkey corpse.
You now have 189 gold pieces (gained 18).
An ogre comes into view. It is wielding a giant club.
The ogre shouts!
Found 17 gold pieces.
You hit the ogre.
The ogre is lightly wounded.
The ogre hits you with a giant club!
Aiming: Throw Flame
Press: ? - help, Shift-Dir - straight line, f - ogre
Aim: an ogre, wielding a giant club (lightly wounded)
The puff of flame hits the ogre.
The ogre is moderately wounded.
The ogre hits you with a giant club!!
* * * LOW HITPOINT WARNING * * *
You feel better. The ogre hits you with a giant club!!
You die...

.....# ... #.
###..# #...#.###
.... #.......# ###
.......#.# ##
########.# .# #.#
.# #.# .# #######
####O# .# #.....#
#..@.# .####.....#
#.#### [..†......#
#.#
#.###..[..####.####
#.# #.....#.......#
.##
#######.##..#.## ##
#.##.###.## #
#.#.## ##.# #
##.##.###.##


You could see an ogre.

Vanquished Creatures
  Sigmund (D:3)
  A howler monkey (D:4)
  Crazy Yiuf (D:3)
  A hound (D:2)
  A gnoll shaman (D:4)
  An orc wizard (D:4)
  5 worker ants
  4 gnolls (D:4)
  3 adders
  An ooze (D:3)
  3 worms
  4 dart slugs
  5 leopard geckos
  3 orcs (D:4)
  A ball python (D:2)
  3 giant cockroaches
  13 goblins
  10 hobgoblins
  17 jackals
  3 kobolds
  A quokka (D:2)
  9 bats
  8 frilled lizards
  A jackal skeleton (D:4)
  11 rats
111 creatures vanquished.

Notes
Turn   | Place    | Note
-------+----------+-------------------------------------------
     0 | D:1      | Monzz the Hill Orc Monk began the quest for the Orb.
     0 | D:1      | Reached XP level 1. HP: 19/19 MP: 1/1
   103 | D:1      | Reached XP level 2. HP: 23/27 MP: 2/2
   669 | D:1      | Reached XP level 3. HP: 33/33 MP: 3/3
   765 | D:1      | Reached skill level 5 in Axes
  1544 | D:2      | Reached XP level 4. HP: 8/41 MP: 4/4
  2620 | D:2      | Found a burning altar of Makhleb.
  2632 | D:2      | Reached skill level 1 in Armour
  2632 | D:2      | Reached XP level 5. HP: 37/47 MP: 5/5
  2829 | D:3      | Found a sparkling altar of Nemelex Xobeh.
  2974 | D:3      | Reached skill level 6 in Axes
  3358 | D:3      | Noticed Sigmund
  3395 | D:3      | Killed Sigmund
  3395 | D:3      | Reached skill level 5 in Fighting
  3395 | D:3      | Reached XP level 6. HP: 38/56 MP: 6/6
  3729 | D:3      | Found a runed door.
  3733 | D:3      | Noticed Crazy Yiuf
  3755 | D:3      | Killed Crazy Yiuf
  4935 | D:4      | Reached XP level 7. HP: 60/61 MP: 7/7
  5139 | D:4      | Reached skill level 7 in Axes
  5592 | D:4      | Found a sacrificial altar of Ru.
  5849 | D:4      | Mangled by an ogre

Skill      XL: |  1  2  3  4  5  6  7 |
---------------+----------------------+-----
Fighting       | 4 5 |  5.3
Axes           | 5 6 7 |  7.2
Armour         | 1 2 3 4 |  4.1
Dodging        | 3 |  3.3
Stealth        | 2 |  2.5
Evocations     | |  0.4

Action                   |  1- 3 |  4- 6 |  7- 9 || total
-------------------------+-------+-------+-------++-------
Melee: Hand axe          |   138 |   300 |   154 ||   592
Evoke: Wand              |       |     1 |     2 ||     3
  Use: Scroll            |     2 |     7 |     1 ||    10
       Potion            |       |     5 |     4 ||     9
 Stab: Sleeping          |     2 |       |     1 ||     3
  Eat: Chunk             |     1 |     8 |     4 ||    13
       Ration            |       |     1 |       ||     1
Armor: Robe              |    21 |     4 |       ||    25
       Ring mail         |       |   101 |    33 ||   134
Dodge: Dodged            |   119 |   179 |    57 ||   355
